 Dungeon Crawl Stone Soup version 0.28.0-47-ge53b351184 (webtiles) character file.

Game seed: 544495273311467646

356 pkoi the Chopper (level 6, -6/48 HPs)
             Began as a Demigod Gladiator on May 10, 2022.
             Mangled by a gnoll
             ... wielding a +0 whip
              (7 damage)
             ... on level 2 of the Dungeon.
             The game lasted 00:04:32 (5421 turns).

pkoi the Chopper (Demigod Gladiator)                Turns: 5421, Time: 00:04:33

Health: -6/48      AC:  8    Str: 15    XL:     6   Next: 13%
Magic:  8/8        EV: 10    Int: 24    God:
Gold:   125        SH:  0    Dex: 15    Spells: 5/5 levels left

rFire   . . .      SeeInvis .   a - +0 war axe
rCold   . . .      Faith    .   (no shield)
rNeg    . . .      Spirit   .   i - +0 scale mail
rPois   .          Reflect  .   c - +0 helmet
rElec   .          Harm     .   (no cloak)
rCorr   .          Rampage  .   q - +0 pair of gloves
Will    .....                   (no boots)
Stlth   ..........              (no amulet)
HPRegen 0.16/turn               h - +6 ring of intelligence
MPRegen 0.11/turn               (no ring)

@: mighty, invisible
A: high MP 1, forlorn, divine attributes
a: no special abilities


You were on level 2 of the Dungeon.
You visited 1 branch of the dungeon, and saw 3 of its levels.

You collected 125 gold pieces.

Inventory:

Hand Weapons
 a - a +0 war axe (weapon)
Missiles
 d - 3 throwing nets (quivered)
Armour
 b - a +0 leather armour
 c - a +0 helmet (worn)
 i - a +0 scale mail (worn)
 q - a +0 pair of gloves (worn)
Jewellery
 h - a +6 ring of intelligence (left hand)
Scrolls
 f - a scroll of magic mapping {unknown}
 g - 2 scrolls of noise {unknown}
 k - a scroll of fear {unknown}
 l - a scroll of vulnerability {unknown}
 m - a scroll of brand weapon {unknown}
 n - a scroll of immolation {unknown}
 p - a scroll of torment {unknown}
 s - a scroll of identify {unknown}
Potions
 o - a potion of heal wounds {unknown}
 r - a potion of magic {unknown}


   Skills:
 - Level 2.0 Fighting
 * Level 6.0 Axes
 - Level 1.7 Throwing
 - Level 2.0 Armour
 - Level 3.0 Dodging


You had 5 spell levels left.
You didn't know any spells.
Your spell library contained the following spells:

 Spells                   Type           Power      Damage    Failure   Level
 Freeze                   Ice            0%         1d3       50%         1
 Frozen Ramparts          Ice            0%         1d2       86%         3
 Hailstorm                Conj/Ice       0%         3d3       99%         4


Dungeon Overview and Level Annotations

Branches:
Dungeon (3/15)


Innate Abilities, Weirdness & Mutations

You have an increased reservoir of magic. (+10% MP)
You shall have no god before yourself.
Your divine heritage dramatically boosts your attributes as you level up.


Message History

There is an escape hatch in the ceiling here.
The gnoll shaman calls upon its god to speed up the gnoll.
The gnoll seems to speed up.
The gnoll shaman hits you but does no damage.
There is an escape hatch in the ceiling here.
The gnoll barely misses you.
The gnoll shaman hits you but does no damage.
A mysterious force pulls you upwards. The hatch slams shut behind you.
Unknown command.
There is an open door here.
You hit the gnoll.
The gnoll is moderately wounded.
The gnoll closely misses you.
You closely miss the gnoll shaman.
The gnoll shaman is moderately wounded.
You hit the gnoll shaman.
The gnoll shaman is heavily wounded.
The gnoll shaman hits you but does no damage.
The gnoll shaman hits you with a +0 whip!
* * * LOW HITPOINT WARNING * * *
The gnoll shaman invokes the aid of its god against you.
You resist with some effort.
There is an open door here.
The gnoll shaman calls upon its god to heal the gnoll.
The gnoll's wounds heal themselves!
The gnoll barely misses you.
The gnoll is no longer moving quickly.
The gnoll hits you with a +0 whip.
* * * LOW HITPOINT WARNING * * *
The gnoll shaman calls upon its god to speed up the gnoll.
The gnoll seems to speed up.
The gnoll hits you with a +0 whip.
* * * LOW HITPOINT WARNING * * *
You aren't carrying any items that you can evoke.
It was a potion of might.
You feel very mighty all of a sudden. The gnoll completely misses you.
It was a potion of invisibility.
You fade into invisibility!
The gnoll completely misses you. The gnoll hits you with a +0 whip!
You die...

..#.#.......#.......#.......#....
..#.#.......#.......#...)...#....
..#.##.....###.....###.....##.#.#
..#..##...#####...#####...##.....
..##..#####...#####...#####..#...
..###.......#.#..............####
.......###......#.#...#.##.......
.......# #...g........#.##...####
.......# #...##g@.......###### #
.......# ##..##......<..# ######
.......####..##.......[.# #...<#
.......'..........#.....####....#
.......#####.##.#.###.###.......#
.......#####.>).....#...........#
..................#.####........#
##.....###.......##...##.....†..#
gg.....'.........').............#


You could see a gnoll shaman and a gnoll (fast).

Vanquished Creatures
  2 howler monkeys (D:3)
  A hound (D:3)
  8 gnolls
  4 adders
  5 worms
  3 dart slugs
  3 orcs (D:3)
  6 ball pythons
  12 endoplasms
  4 giant cockroaches
  9 goblins
  10 hobgoblins
  13 jackals
  4 kobolds
  5 quokkas
  7 bats
  3 frilled lizards
  8 rats
107 creatures vanquished.

Vanquished Creatures (others)
  A plant (D:3)
1 creature vanquished.

Grand Total: 108 creatures vanquished

Notes
Turn   | Place    | Note
-------+----------+-------------------------------------------
     0 | D:1      | pkoi the Demigod Gladiator began the quest for the Orb.
     0 | D:1      | Reached XP level 1. HP: 17/17 MP: 3/3
   386 | D:1      | Reached skill level 3 in Axes
   419 | D:1      | Reached XP level 2. HP: 24/24 MP: 4/4
  1351 | D:1      | Found Ysene's Armour Emporium.
  1596 | D:2      | Reached skill level 4 in Axes
  1596 | D:2      | Reached XP level 3. HP: 17/29 MP: 5/5
  2459 | D:2      | Reached XP level 4. HP: 25/36 MP: 6/6
  2468 | D:2      | HP: 1/36 [gnoll/+0 spear (1)]
  2955 | D:2      | Reached skill level 1 in Armour
  3832 | D:2      | Reached XP level 5. HP: 18/41 MP: 7/7
  4271 | D:3      | Reached skill level 5 in Axes
  4917 | D:3      | Reached XP level 6. HP: 23/48 MP: 8/8
  5369 | D:3      | Reached skill level 6 in Axes
  5419 | D:2      | HP: 1/48 [gnoll/+0 whip (4)]
  5421 | D:2      | Mangled by a gnoll

Illustrated notes

Levels and vault maps discovered:
D:1:      co_arrival_square_in_a_square_in_a_square, layout_loops_ring,
          shapermc_ecumenical_altar_mp_vishouse, serial_shops, shop, hex_large,
          hangedman_decor_growths
D:2:      kennysheep_six_static_rooms, layout_basic
D:3:      lemuel_castle_with_subvaults [lemuel_castle_interior_original],
          layout_rooms

Skill      XL: |  1  2  3  4  5  6 |
---------------+-------------------+-----
Axes           | 3 4 5 6 |  6.0
Fighting       | 2 |  2.0
Armour         | 1 2 |  2.0
Dodging        | 3 |  3.0
Throwing       | |  1.7

Action                   |  1- 3 |  4- 6 || total
-------------------------+-------+-------++-------
Melee: War axe           |   161 |   186 ||   347
       Punch             |     2 |       ||     2
  Use: Potion            |       |     2 ||     2
Armor: Leather armour    |    26 |       ||    26
       Scale mail        |    42 |   103 ||   145
Dodge: Dodged            |   121 |   123 ||   244
